 Dungeon Crawl Stone Soup version 0.28.0-53-g5a82cb258f (webtiles) character file.

Game seed: 12999997627742429983

3619 styxcanada the Covert (level 9, -2/46 HPs)
             Began as a Spriggan Brigand on Aug 21, 2022.
             Was an Initiate of Gozag.
             Slain by a two-headed ogre
             ... wielding a +0 giant club
              (25 damage)
             ... on level 7 of the Dungeon.
             The game lasted 00:37:35 (8755 turns).

styxcanada the Covert (Spriggan Brigand)            Turns: 8755, Time: 00:37:37

Health: -2/46      AC:  3    Str: 11    XL:     9   Next: 86%
Magic:  10/10      EV: 27    Int: 12    God:    Gozag
Gold:   513        SH:  0    Dex: 21    Spells: 8/8 levels left

rFire   . . .      SeeInvis +   h - +10 rapier of Vurotoz {pain, Drain Str+4 Stlth+}
rCold   . . .      Faith    .   (no shield)
rNeg    . . .      Spirit   .   b - +1 robe
rPois   .          Reflect  .   (helmet restricted)
rElec   .          Harm     .   n - scarf {+Inv}
rCorr   .          Rampage  .   (gloves unavailable)
Will    +....                   (boots unavailable)
Stlth   +++++++...              B - amulet of regeneration
HPRegen 0.95/turn               f - +4 ring of evasion
MPRegen 0.12/turn               (no ring)

@: very quick
A: very small, no large weapons, unfitting armour, see invisible, speed 3
a: Renounce Religion, Evoke Invisibility, Potion Petition, Call Merchant, Bribe
Branch


You were on level 7 of the Dungeon.
You worshipped Gozag.
Gozag was pleased with you.
You visited 2 branches of the dungeon, and saw 8 of its levels.
You also visited: Sewer.

You collected 934 gold pieces.
You spent 390 gold pieces at shops.
You paid 31 gold pieces to Gozag.

Inventory:

Hand Weapons
 a - a +3 dagger
 d - a +1 vorpal mace
 e - a +2 flail of holy wrath
 h - the +10 rapier of Vurotoz (weapon) {pain, Drain Str+4 Stlth+}
   (You acquired it on level 5 of the Dungeon)

   In the hands of one skilled in necromantic magic, it inflicts extra damage on
   living creatures.
   Str:       It affects your strength (+4).
   Drain:     It drains your maximum health when unequipped.
   Stlth:     It makes you more stealthy.
 o - a +0 hunting sling
Missiles
 g - 214 stones
 l - 8 boomerangs
 r - a curare-tipped dart
 s - 6 poisoned darts (quivered)
 u - 7 datura-tipped darts
 x - 36 sling bullets
Armour
 b - a +1 robe (worn)
 c - a +0 cloak
 j - an orb of wrath
 k - an orb of energy
 n - a scarf of invisibility (worn)
Jewellery
 f - a +4 ring of evasion (left hand)
 w - a ring of resist corrosion
 B - an amulet of regeneration (around neck)
Wands
 A - a wand of flame (17)
 C - a wand of iceblast (4)
 E - a wand of mindburst (18)
Scrolls
 i - 3 scrolls of blinking
 y - 2 scrolls of enchant armour
 D - 2 scrolls of summoning
 G - a scroll of fog
Potions
 m - 2 potions of heal wounds
 p - 2 potions of lignification
 q - 3 potions of attraction {unknown}
 t - 4 potions of curing {unknown}
 v - 3 potions of might {unknown}
 z - a potion of ambrosia {unknown}
 F - 2 potions of flight {unknown}
 H - a potion of brilliance {unknown}


   Skills:
 * Level 4.3 Fighting
 + Level 6.9 Short Blades
 + Level 1.9(3.7) Slings
 + Level 4.1(4.3) Throwing
 * Level 7.5 Dodging
 * Level 13.6 Stealth
 * Level 6.3 Evocations


You had 8 spell levels left.
You didn't know any spells.
Your spell library contained the following spells:

 Spells                   Type           Power      Damage    Failure   Level
 Shock                    Conj/Air       0%         1d3       32%         1
 Swiftness                Air            0%         N/A       69%         3
 Airstrike                Air            0%         N/A       97%         4


Dungeon Overview and Level Annotations

Branches:
Dungeon (7/15)             Temple (1/1) D:4           Sewer (visited)

Altars:
Ashenzari
Elyvilon
Fedhas
Gozag
Kikubaaqudgha
Nemelex Xobeh
Okawaru
Qazlal
Ru
Sif Muna
Uskayaw
Vehumet
Xom
Yredelemnul
Zin

Shops:
D:3 =   D:6 =[(


Innate Abilities, Weirdness & Mutations

You are very small and have problems with some larger weapons.
You are too small for most types of armour.
You have supernaturally acute eyesight. (SInv)
You cover ground extremely quickly. (Speed+++)


Message History

Found a scroll of identify.
Found a stone staircase leading up.
The two-headed ogre shouts in stereo!
You barely miss the two-headed ogre. The two-headed ogre misses you. x2
You hit the two-headed ogre.
The two-headed ogre is lightly wounded.
You hit the two-headed ogre.
The two-headed ogre is lightly wounded.
The two-headed ogre hits you with a +0 giant club!!
The two-headed ogre misses you.
You puncture the two-headed ogre!
The two-headed ogre is moderately wounded.
The two-headed ogre completely misses you. x2
You hit the two-headed ogre.
The two-headed ogre is moderately wounded.
You completely miss the two-headed ogre.
The two-headed ogre is moderately wounded.
The two-headed ogre completely misses you.
The two-headed ogre barely misses you.
You hit the two-headed ogre.
The two-headed ogre is heavily wounded.
The two-headed ogre completely misses you. x2
You completely miss the two-headed ogre.
The two-headed ogre is heavily wounded.
You puncture the two-headed ogre!
The two-headed ogre is severely wounded.
The two-headed ogre completely misses you.
The two-headed ogre misses you.
You hit the two-headed ogre.
The two-headed ogre is severely wounded.
The two-headed ogre hits you with a +0 giant club!
The two-headed ogre misses you.
You puncture the two-headed ogre!
The two-headed ogre is almost dead.
You hit the two-headed ogre.
The two-headed ogre is almost dead.
The two-headed ogre barely misses you.
The two-headed ogre hits you with a +0 giant spiked club!!
Ouch! That really hurt!
You die...
Your body crumbles into a pile of gold.

#. #. # .? #.
#. #.##.###
#.....< #
#>.O#
##.#..@##
#.......#
#.......###
#..........##
............#
# #
.#..#######.##
.# .. ##.#
#..####.#.#
#.#
#..)))....# $
..+
#..)))....#


You could see a two-headed ogre.

Vanquished Creatures
  A two-headed ogre (D:6)
  Pikel (D:5)
  Sigmund (D:3)
  A wyvern (D:6)
  The ghost of Flarelocke the Chopper, an amateur PaBe of Trog (D:6)
  Edmund (D:4)
  A sky beast (D:6)
  2 orc warriors (D:7)
  2 ogres
  3 black bears
  A lemure (D:5)
  2 phantoms
  A scorpion (D:4)
  A water moccasin skeleton (D:4)
  An electric eel (D:6)
  3 jellies
  A bullfrog zombie (D:6)
  A centaur zombie (D:5)
  A hound (D:4)
  2 gnoll shamans (D:5)
  4 orc priests
  A centaur skeleton (D:4)
  4 iguanas
  7 orc wizards
  3 howler monkey zombies
  8 gnolls (D:5)
  5 river rats (Sewer)
  8 adders
  3 shadow imps
  An ufetubus (D:5)
  A worm (D:2)
  4 dart slugs
  23 orcs
  5 bats
  5 endoplasms
  2 giant cockroaches
  11 goblins
  6 hobgoblins
  8 jackals
  7 kobolds
  A quokka (D:2)
  8 ball pythons
  14 frilled lizards
  12 rats
179 creatures vanquished.

Vanquished Creatures (others)
  A plant (D:7)
1 creature vanquished.

Grand Total: 180 creatures vanquished

Notes
Turn   | Place    | Note
-------+----------+-------------------------------------------
     0 | D:1      | styxcanada the Spriggan Brigand began the quest for the
                  | Orb.
     0 | D:1      | Reached XP level 1. HP: 10/10 MP: 2/2
    18 | D:1      | Reached skill level 6 in Stealth
   135 | D:1      | Reached XP level 2. HP: 14/14 MP: 3/3
   526 | D:1      | Reached skill level 7 in Stealth
   646 | D:1      | Reached XP level 3. HP: 15/18 MP: 4/4
  1998 | D:2      | Found a faded altar of an unknown god.
  2002 | D:2      | Reached XP level 4. HP: 23/23 MP: 5/5
  2937 | D:3      | Found Moepreid's Jewellery Emporium.
  2991 | D:3      | Noticed Sigmund
  3005 | D:3      | Killed Sigmund
  3006 | D:3      | Reached skill level 8 in Stealth
  3006 | D:3      | Reached skill level 1 in Evocations
  3006 | D:3      | Reached XP level 5. HP: 26/26 MP: 6/6
  3018 | D:3      | Reached XP level 6. HP: 30/30 MP: 7/7
  3515 | D:4      | Noticed Edmund
  3584 | D:4      | Killed Edmund
  3585 | D:4      | Reached skill level 9 in Stealth
  3810 | D:4      | Found a staircase to the Ecumenical Temple.
  3819 | Temple   | Entered the Ecumenical Temple
  4013 | Temple   | Became a worshipper of Gozag Ym Sagoz the Greedy
  4125 | D:4      | Reached XP level 7. HP: 25/35 MP: 8/8
  4580 | D:4      | Reached skill level 1 in Slings
  4866 | D:5      | Entered Level 5 of the Dungeon
  4872 | D:5      | Reached skill level 10 in Stealth
  4878 | D:5      | Identified a scroll of acquirement
  4878 | D:5      | Acquired the +10 rapier of Vurotoz {pain, Drain Str+4
                  | Stlth+}
  5026 | D:5      | Reached XP level 8. HP: 17/40 MP: 9/9
  5491 | D:5      | Noticed Pikel
  5797 | D:5      | Reached skill level 11 in Stealth
  6259 | D:5      | Killed Pikel
  6260 | D:5      | Reached skill level 5 in Short Blades
  6260 | D:5      | Reached skill level 5 in Dodging
  6317 | D:5      | Reached skill level 5 in Evocations
  6728 | D:6      | Reached XP level 9. HP: 42/45 MP: 10/10
  6749 | D:6      | Found a transporter.
  6773 | D:6      | Noticed a two-headed ogre
  6774 | D:6      | Found a transporter.
  6774 | D:6      | Noticed Flarelocke's ghost (amateur PaBe)
  6883 | D:6      | Found a glowing drain.
  6892 | Sewer    | Entered a sewer
  7555 | D:6      | Reached skill level 12 in Stealth
  7747 | D:6      | Found Soisch's Jewellery Shop.
  7748 | D:6      | Found Iffat's Antique Armour Emporium.
  7748 | D:6      | Found Canecomu's Weapon Emporium.
  8002 | D:6      | Bought an amulet of regeneration for 390 gold pieces
  8276 | D:6      | Found a sacrificial altar of Ru.
  8446 | D:6      | Killed a two-headed ogre
  8447 | D:6      | Reached skill level 13 in Stealth
  8531 | D:6      | Killed Flarelocke's ghost
  8736 | D:7      | Noticed a two-headed ogre
  8755 | D:7      | Slain by a two-headed ogre

Illustrated notes

Levels and vault maps discovered:
D:1:      mrwooster_arrival_statue_3, layout_loops_corners, grunt_decor_junction
D:2:      layout_rooms, shapermc_ecumenical_altar_venn
D:3:      layout_loops_ring, serial_shops, nicolae_shop_advertising_works
          [nicolae_subvault_shop_adworks], chequers_mini_garden, minmay_puff,
          uniq_sigmund
D:4:      nicolae_cairo_tiling_large, layout_loops_cross,
          minmay_temple_entry_grid, uniq_edmund
D:5:      layout_loops_ring, uniq_pikel
D:6:      layout_cave_pools, nicolae_ru_the_path_less_chosen,
          gammafunk_ghost_arena, portal_sewer_entry_d, nicolae_wooded_promenade,
          lightli_orcish_oven
D:7:      layout_loops_ring, kennysheep_little_box, minmay_shattered_shrine
Temple:   regret_index_temple_generic_petals

Skill      XL: |  1  2  3  4  5  6  7  8  9 |
---------------+----------------------------+-----
Stealth        | 6 7 8 9 10 11 13 | 13.6
Dodging        | 2 3 4 5 7 |  7.5
Fighting       | 2 3 4 |  4.3
Short Blades   | 3 4 5 6 |  6.9
Evocations     | 1 2 3 5 6 |  6.3
Throwing       | 3 4 |  4.1
Slings         | 1 |  1.9

Action                   |  1- 3 |  4- 6 |  7- 9 || total
-------------------------+-------+-------+-------++-------
Melee: Dagger            |   169 |    67 |    17 ||   253
       Punch             |     4 |       |     2 ||     6
       Rapier            |       |       |   225 ||   225
 Fire: Hunting sling     |       |       |    11 ||    11
Throw: Dart              |    12 |    41 |    16 ||    69
       Stone             |       |     3 |     4 ||     7
 Abil: Evoke Invisibilit |       |       |     3 ||     3
Evoke: Wand              |       |       |     3 ||     3
  Use: Scroll            |       |     7 |     6 ||    13
 Stab: Sleeping          |    18 |     3 |    35 ||    56
       Distracted        |       |     1 |     2 ||     3
       Invisible         |       |       |     5 ||     5
Armor: Robe              |    32 |     3 |     5 ||    40
Dodge: Dodged            |   158 |    65 |   236 ||   459
